 Dungeon Crawl Stone Soup version 0.28-a0-1624-g820543e53a (webtiles) character file.

Game seed: 3837552598042635324

163 innerfire433 the Skirmisher (level 5, -3/42 HPs)
             Began as a Demonspawn Monk on Jan 23, 2022.
             Slain by Grinder (6 damage)
             ... on level 3 of the Dungeon.
             The game lasted 00:03:30 (2210 turns).

innerfire433 the Skirmisher (Demonspawn Monk)       Turns: 2210, Time: 00:03:32

Health: -3/42      AC:  6    Str: 13    XL:     5   Next: 20%
Magic:  0/8        EV: 12    Int: 11    God:
Gold:   164        SH:  4    Dex: 16    Spells: 8/8 levels left

rFire   . . .      SeeInvis .   a - +0 falchion
rCold   . . .      Faith    .   (no shield)
rNeg    . . .      Spirit   +   e - +0 scale mail
rPois   .          Reflect  .   (no helmet)
rElec   .          Harm     .   (no cloak)
rCorr   .          Rampage  .   (no gloves)
Will    .....                   (no boots)
Stlth   +.........              i - amulet of guardian spirit
HPRegen 0.14/turn               (no ring)
MPRegen 0.11/turn               (no ring)

@: mighty, attractive, invisible
A: repulsion field 1, condensation shield, demonic touch 1
a: no special abilities


You were on level 3 of the Dungeon.
You visited 1 branch of the dungeon, and saw 3 of its levels.

You collected 164 gold pieces.

Inventory:

Hand Weapons
 a - a +0 falchion (weapon)
Armour
 b - a +0 robe
 e - a +0 scale mail (worn)
 f - a +0 ring mail
Magical Staves
 d - a staff of poison
Jewellery
 i - an amulet of guardian spirit (around neck)
Scrolls
 c - a scroll of identify {unknown}
 g - a scroll of enchant weapon {unknown}
Potions
 l - a potion of lignification {unknown}


   Skills:
 + Level 4.1 Fighting
 + Level 3.7 Long Blades
 - Level 2.9 Dodging
 - Level 2.2 Stealth
 + Level 2.0 Spellcasting


You had 8 spell levels left.
You didn't know any spells.
Your spell library was empty.

Dungeon Overview and Level Annotations

Branches:
Dungeon (3/15)

Altars:

Annotations:
D:3 Grinder


Innate Abilities, Weirdness & Mutations

You are surrounded by a mild repulsion field. (EV +2)
A meltable shield of frost defends you. (SH +4)
Your touch may inflict minor irresistible damage on your foes.


Message History

Grinder is moderately wounded.
Grinder closely misses you.
You barely miss Grinder.
Grinder is moderately wounded.
Grinder hits you but does no damage.
You completely miss Grinder.
Grinder is moderately wounded.
Grinder says, "FISH!"
Grinder hits you!
You writhe in agony.
You hit Grinder but do no damage.
Grinder is moderately wounded.
Grinder hits you!
You writhe in agony.
It was a potion of might.
You feel very mighty all of a sudden. Grinder hits you.
You writhe in agony.
You closely miss Grinder.
You touch Grinder.
Grinder is heavily wounded.
You block Grinder's attack.
You hit Grinder.
You touch Grinder.
Grinder is heavily wounded.
Grinder hits you!
* * * LOW HITPOINT WARNING * * *
You writhe in agony.
* * * LOW HITPOINT WARNING * * *
You barely miss Grinder.
Grinder is heavily wounded.
Grinder closely misses you.
It was a potion of attraction.
You feel attractive to monsters. Grinder closely misses you.
It was a potion of invisibility.
You fade into invisibility!
Grinder closely misses you.
You closely miss Grinder.
Grinder is heavily wounded.
Grinder gestures at you.
You barely resist. Grinder hits you.
* * * LOW HITPOINT WARNING * * *
You writhe in agony.
You die...

#..... ...... .....
.... ..## ######..#
#.......# #
#.####.@#.#+#...
#.#.....5......#
#.....####.....#
###.#.##.......# .###
###.#...†#.....#
#...........#..#.....#
#
#..#####.#.....#.....#
.# #....# #
#.#..##.....#### .#
#.##.#
#....##........#


You could see Grinder.

Vanquished Creatures
  A scorpion (D:2)
  3 gnolls
  3 adders (D:2)
  A dart slug (D:3)
  5 ball pythons (D:1)
  4 endoplasms
  3 giant cockroaches
  4 goblins
  5 hobgoblins
  2 jackals (D:2)
  4 quokkas
  6 bats
  A frilled lizard (D:1)
  2 kobolds (D:2)
  3 rats (D:1)
47 creatures vanquished.

Notes
Turn   | Place    | Note
-------+----------+-------------------------------------------
     0 | D:1      | innerfire433 the Demonspawn Monk began the quest for the
                  | Orb.
     0 | D:1      | Reached XP level 1. HP: 18/18 MP: 1/1
   368 | D:1      | Gained mutation: Your touch may inflict minor irresistible
                  | damage on your foes. [demonic ancestry]
   368 | D:1      | Reached XP level 2. HP: 24/24 MP: 2/2
  1060 | D:2      | Noticed a scorpion
  1063 | D:2      | Killed a scorpion
  1064 | D:2      | Reached skill level 1 in Spellcasting
  1064 | D:2      | Gained mutation: You are surrounded by a mild repulsion
                  | field. (EV +2) [demonic ancestry]
  1064 | D:2      | Reached XP level 3. HP: 19/30 MP: 2/4
  1064 | D:2      | Gained mutation: A meltable shield of frost defends you.
                  | (SH +4) [demonic ancestry]
  1064 | D:2      | Reached XP level 4. HP: 23/37 MP: 2/5
  1813 | D:2      | Reached skill level 4 in Fighting
  1952 | D:2      | Reached XP level 5. HP: 36/42 MP: 7/7
  2197 | D:3      | Noticed Grinder
  2210 | D:3      | Slain by Grinder

Illustrated notes

Levels and vault maps discovered:
D:1:      shiori_shiawase, layout_basic, serial_curves, eino_curves_01,
          eino_curves_03, nrook_campfire,
          nicolae_concentric_dashed_squares_mild, minmay_curled_crystal
D:2:      layout_loops_ring
D:3:      layout_basic, uniq_grinder

Skill      XL: |  1  2  3  4  5 |
---------------+----------------+-----
Stealth        | 2 |  2.2
Long Blades    | 3 |  3.7
Spellcasting   | 1 2 |  2.0
Fighting       | 4 |  4.1
Dodging        | |  2.9

Action                   |  1- 3 |  4- 6 || total
-------------------------+-------+-------++-------
Melee: Falchion          |    51 |    71 ||   122
       Touch             |     7 |    20 ||    27
       Punch             |       |     1 ||     1
  Use: Potion            |       |     3 ||     3
 Stab: Sleeping          |     3 |       ||     3
Armor: Robe              |     3 |       ||     3
       Scale mail        |    11 |    24 ||    35
Dodge: Dodged            |    35 |    51 ||    86
Block: Other             |       |    21 ||    21

Table legend: (Time is in decaauts)
 A = Elapsed time spent in this place.
 B = Non-inter-level travel time spent in this place.
 C = Inter-level travel time spent in this place.
 D = Time resting spent in this place.
 E = Time spent auto-exploring this place.
 F = Levels seen in this place.
 G = Mean time per level.
                   A        B        C        D        E       F      G
               +--------+--------+--------+--------+--------+-----+--------+
         Total |   2228 |   2195 |     33 |      0 |   1838 |   3 |  742.7 |
       Dungeon |   2228 |   2195 |     33 |      0 |   1838 |   3 |  742.7 |
               +--------+--------+--------+--------+--------+-----+--------+

Top non-repeatable levels by time:
     D:1: 1035 daAuts
     D:2: 1011 daAuts
     D:3: 181 daAuts
